 Dungeon Crawl Stone Soup version 0.24-a0-504-gcfb02b9 (webtiles) character file.

Game seed: 13586857369084694319

310 southernslant the Vandal (level 6, -3/42 HPs)
             Began as a Halfling Hunter on July 18, 2019.
             Killed from afar by an orc wizard (5 damage)
             ... with a puff of flame
             ... on level 3 of the Dungeon.
             The game lasted 00:10:22 (2568 turns).

southernslant the Vandal (Halfling Hunter)          Turns: 2568, Time: 00:10:23

Health: -3/42      AC:  3    Str: 15    XL:     6   Next: 69%
Magic:  6/6        EV: 16    Int:  9    God:
Gold:   44         SH:  0    Dex: 15    Spells: 5/5 levels left

rFire    . . .     SeeInvis .   b - +0 short sword
rCold    . . .     Gourm    .   (shield restricted)
rNeg     . . .     Faith    .   c - +0 leather armour
rPois    .         Spirit   .   (no helmet)
rElec    .         Reflect  .   (no cloak)
rCorr    .         Harm     .   (no gloves)
MR       .....                  (no boots)
Stlth    ++........             (no amulet)
HPRegen  0.14/turn              (no ring)
MPRegen  0.10/turn              (no ring)

@: lethally poisoned (-3 -> -6)
A: small, mutation resistance 1
a: no special abilities


You were on level 3 of the Dungeon.
You were not hungry.

You visited 1 branch of the dungeon, and saw 3 of its levels.

You collected 44 gold pieces.

Inventory:

Hand Weapons
 a - a +1 hunting sling
 b - a +0 short sword (weapon)
 e - a +0 mace of protection
Missiles
 d - 14 sling bullets
 g - 51 stones (quivered)
Armour
 c - a +0 leather armour (worn)
Jewellery
 o - an uncursed amulet of guardian spirit {unknown}
Scrolls
 i - 3 scrolls of immolation {unknown}
 j - 4 scrolls of teleportation {unknown}
 k - a scroll of enchant armour {unknown}
 m - 3 scrolls of remove curse {unknown}
 n - a scroll of blinking {unknown}
 p - 3 scrolls of identify {unknown}
 q - a scroll of noise {unknown}
 r - a scroll of amnesia {unknown}
 v - a scroll of enchant weapon {unknown}
Potions
 h - a potion of degeneration {unknown}
 l - a potion of curing {unknown}
 s - 2 potions of flight {unknown}
 t - a potion of mutation {unknown}
 u - a potion of cancellation {unknown}
 x - a potion of resistance {unknown}
Comestibles
 f - 5 rations
 w - 4 chunks of flesh


   Skills:
 * Level 3.4 Fighting
 * Level 3.5 Short Blades
 - Level 5.8(6.1) Slings
 + Level 1.8(3.1) Throwing
 * Level 2.4 Armour
 + Level 3.6 Dodging
 - Level 1.1 Stealth


You had 5 spell levels left.
You didn't know any spells.
Your spell library was empty.

Dungeon Overview and Level Annotations

Branches:
Dungeon (3/15)

Altars:


Innate Abilities, Weirdness & Mutations

You are small and have problems with some larger weapons.
You are somewhat resistant to further mutation.


Message History

The orc throws a poisoned dart.
The poisoned dart hits you!
You are poisoned.
You feel sick.
You feel sick.
The orc wizard hits you but does no damage.
The orc throws a poisoned dart.
The poisoned dart misses you.
You see here a poisoned dart.
You feel sick.
The orc wizard gestures at you while chanting.
The magic dart hits you!
* * * LOW HITPOINT WARNING * * *
You hit the orc but do no damage.
* * * LOW HITPOINT WARNING * * *
You feel sick.
You feel less confused.
* * * LOW HITPOINT WARNING * * *
You feel sick.
The orc wizard gestures at you while chanting.
The puff of flame hits you.
You die...

##############..............
........................<...
#..............)........#...
.........##.#..........#####
.......†).#.##............ .
..............##..>........#
..............##........##.###
.....(...(..(.[##........##....
(.............@....#####.#.....
.....................##....##..
...(..(......o##..............
#...........(o................
##.#....#.(......##.....#...
#.[......)......###....#...
###.(..)..o.....###........
#.............##.........
#.....#...........#...>.#.


You could see an orc wizard and 2 orcs.

Vanquished Creatures
  Sigmund (D:3)
  6 adders
  An ooze (D:2)
  2 worms
  4 dart slugs
  3 leopard geckos
  4 orcs (D:3)
  3 ball pythons
  5 giant cockroaches
  8 goblins
  10 hobgoblins
  2 quokkas (D:2)
  9 bats
  7 frilled lizards
  5 kobolds
  7 rats
77 creatures vanquished.

Notes
Turn   | Place    | Note
-------+----------+-------------------------------------------
     0 | D:1      | southernslant the Halfling Hunter began the quest for the
                  | Orb.
     0 | D:1      | Reached XP level 1. HP: 14/14 MP: 1/1
   119 | D:1      | Reached XP level 2. HP: 19/19 MP: 2/2
   138 | D:1      | Reached skill level 1 in Short Blades
   451 | D:1      | Reached XP level 3. HP: 24/24 MP: 3/3
   979 | D:2      | Reached skill level 1 in Throwing
  1115 | D:2      | Reached XP level 4. HP: 28/30 MP: 4/4
  1618 | D:2      | Reached XP level 5. HP: 35/35 MP: 5/5
  2039 | D:2      | Reached skill level 1 in Armour
  2425 | D:3      | Noticed Sigmund
  2441 | D:3      | Killed Sigmund
  2441 | D:3      | Reached XP level 6. HP: 24/42 MP: 6/6
  2568 | D:3      | HP: 2/42 [poisoned by an orc]
  2568 | D:3      | Killed from afar by an orc wizard

Levels and vault maps discovered:
D:1:      dpeg_arrival_castle, layout_basic, minmay_3d_cube
D:2:      minmay_inner_zag, layout_basic
D:3:      layout_rooms, minmay_diced_spiral, uniq_sigmund

Skill      XL: |  1  2  3  4  5 |
---------------+----------------+-----
Fighting       | 2 3 |  3.4
Short Blades   | 1 2 3 |  3.5
Throwing       | 1 |  1.8
Dodging        | 3 |  3.6
Armour         | 2 |  2.4
Slings         | |  5.8
Stealth        | |  1.1

Action                   |  1- 3 |  4- 6 || total
-------------------------+-------+-------++-------
Melee: Short sword       |       |    18 ||    18
 Fire: Hunting sling     |    94 |   166 ||   260
  Eat: Chunk             |       |     1 ||     1
       Ration            |       |     1 ||     1
Armor: Leather armour    |     4 |    21 ||    25
Dodge: Dodged            |    23 |    64 ||    87

Table legend:
 A = Non-vault XP
 B = Vault XP
 C = Vault XP percentage of total XP
 D = Non-vault monster count
 E = Vault monster count
 F = Vault count percentage of total count
                 A         B        C        D         E       F
            +---------+---------+-------+---------+---------+-------
      Total |     198 |     245 |  55.3 |      63 |      14 |  18.2
            +---------+---------+-------+---------+---------+-------
        D:1 |      42 |       4 |   8.7 |      22 |       3 |  12.0
        D:2 |     104 |      10 |   8.8 |      21 |       6 |  22.2
        D:3 |      52 |     231 |  81.6 |      20 |       5 |  20.0
            +---------+---------+-------+---------+---------+-------
